Map: Ghost River LE

Players

DrowZergster - Winner!

  • Race: Zerg Zerg
  • League: Grandmaster
  • Spawn Location: 11:00

NeO

  • Race: Terran Terran
  • League: Grandmaster
  • Spawn Location: 1:00

VOD

Have the link to the VOD?

Description

Time

  • Played on: April 27, 2024, 3:51 p.m.
  • Length: 9:49
Show
View Real Time Build Order
Export as new Build Order

DrowZergster Zerg - Winner!

Build Orders: Hatch First 

Get SALT Encoding   

  12  0:00  Drone  
  13  0:12  Overlord  
  13  0:17  Drone  
  14  0:31  Drone x2  
  16  0:48  Hatchery  
  15  0:51  Drone  
  15  0:55  Drone  
  17  0:59  Drone  
  18  1:09  Extractor  
  17  1:14  Spawning Pool  
  17  1:17  Drone  
  17  1:20  Drone  
  18  1:31  Drone  
  19  1:39  Drone  
  20  1:49  Drone  
  21  2:01  Queen x2  
  21  2:02  Zergling x4  
  27  2:17  Roach Warren  
  26  2:23  Hatchery  
  26  2:28  Drone x2  
  27  2:34  Overlord  
  27  2:36  Drone  
  28  2:48  Overlord  
  28  2:54  Drone x4  
  28  2:57  Overlord  
  32  3:08  Roach x2  
  36  3:15  Roach x2  
  36  3:17  Drone x2  
  42  3:22  Overlord  
  42  3:30  Drone x2  
  44  3:38  Drone x2  
  44  3:39  Queen  
  48  3:43  Drone x4  
  52  3:49  Drone x4  
  52  3:54  Overlord  
  56  3:57  Drone  
  56  4:01  Overlord  
  57  4:12  Drone x3  
  60  4:17  Drone x2  
  60  4:22  Overlord  
  58  4:32  Drone x7  
  58  4:33  Metabolic Boost  
  63  4:44  Extractor  
  60  4:46  Evolution Chamber  
  60  4:47  Drone x3, Evolution Chamber  
  60  4:49  Drone  
  60  4:51  Drone  
  63  4:56  Overlord  
  63  5:01  Drone, Hatchery  
  63  5:04  Zergling x14  
  70  5:08  Zergling x4  
  70  5:09  Zergling x4  
  74  5:16  Zergling x4, Spore Crawler, Zerg Ground Armor Level 1  
  74  5:17  Queen x3  
  81  5:23  Zergling x4  
  83  5:30  Zergling x4  
  85  5:36  Drone x5  
  85  5:41  Overlord x2  
  88  5:46  Overlord x3  
  88  5:52  Overlord x3  
  88  6:02  Overlord  
  88  6:06  Drone x10  
  88  6:07  Lair  
  88  6:10  Drone x2  
  97  6:15  Zerg Melee Weapons Level 1  
  97  6:16  Drone  
  97  6:17  Spore Crawler  
  97  6:19  Extractor x2  
  97  6:22  Overlord  
  97  6:24  Drone x3  
  98  6:31  Drone x2  
  98  6:32  Spore Crawler  
  99  6:38  Baneling Nest  
  100  6:47  Drone x11  
  100  6:50  Spine Crawler  
  100  6:51  Drone x3  
  111  7:03  Extractor  
  111  7:04  Extractor  
  111  7:05  Queen x2  
  113  7:11  Roach  
  113  7:12  Roach x13  
  141  7:20  Drone x4  
  143  7:23  Glial Reconstitution  
  143  7:24  Centrifugal Hooks  
  143  7:29  Zergling x12  
  147  7:31  Infestation Pit  
  147  7:36  Queen x2, Overlord x2  
  148  7:39  Drone x7  
  148  7:40  Queen  
  153  7:49  Zergling x8  
  153  7:50  Zergling x12  
  163  7:55  Hatchery  
  162  8:04  Overlord  
  162  8:05  Zergling x6  
  155  8:16  Overlord  
  152  8:22  Zergling x16  
  148  8:27  Hive  
  144  8:38  Queen x2  
  146  8:48  Spire  
  141  8:56  Roach x18  
  141  9:02  Extractor  
  176  9:04  Extractor  
  171  9:14  Roach x8, Hatchery  
  171  9:15  Roach x5  
Show
View Real Time Build Order
Export as new Build Order

NeO Terran 

Build Orders: Liberator Opening, Reaper Expand, Mech 

Get SALT Encoding   

  12  0:00  SCV  
  13  0:12  SCV  
  14  0:17  Supply Depot  
  14  0:24  SCV  
  15  0:39  SCV  
  15  0:41  Barracks  
  16  0:45  Refinery  
  16  0:51  SCV  
  17  1:03  SCV  
  18  1:15  SCV  
  19  1:28  Reaper  
  19  1:30  Orbital Command  
  20  1:39  Command Center  
  20  1:48  Supply Depot  
  20  1:56  SCV  
  21  2:02  Marine  
  21  2:05  Factory  
  22  2:09  SCV  
  23  2:21  SCV  
  24  2:26  Barracks Reactor  
  24  2:33  SCV  
  25  2:44  Command Center  
  25  2:46  SCV  
  25  2:50  Refinery  
  26  2:53  Orbital Command  
  26  2:58  SCV  
  27  3:10  SCV  
  28  3:15  Hellion  
  28  3:16  Hellion  
  32  3:20  SCV  
  32  3:21  Starport  
  32  3:22  SCV  
  32  3:26  Refinery  
  34  3:32  SCV  
  35  3:34  SCV  
  40  3:44  SCV  
  40  3:47  SCV  
  41  3:51  Cyclone  
  41  3:52  Cyclone, Marine  
  42  3:58  Liberator  
  46  4:04  Orbital Command  
  45  4:14  Marine  
  46  4:19  Fusion Core  
  46  4:29  Hellion x2  
  46  4:31  SCV  
  48  4:32  SCV  
  49  4:40  SCV  
  50  4:46  Liberator  
  50  4:52  Supply Depot  
  53  4:58  Supply Depot  
  53  5:08  Barracks Tech Lab  
  53  5:14  Hellion x2, SCV x2  
  59  5:21  Supply Depot  
  59  5:26  SCV x2  
  55  5:38  SCV x2  
  55  5:41  Hellion x2  
  58  5:50  SCV x2  
  60  5:58  Battlecruiser  
  60  6:02  SCV x2  
  60  6:04  Hellion x2, Supply Depot  
  60  6:14  Orbital Command, SCV x2  
  60  6:16  Engineering Bay  
  60  6:17  Supply Depot  
  62  6:26  Weapon Refit, Hellion x2, SCV x2  
  68  6:38  SCV x2  
  70  6:41  SCV  
  70  6:46  Factory  
  71  6:49  Factory  
  71  6:50  SCV x2, Refinery  
  71  6:53  Hellion x2, SCV  
  78  7:02  SCV  
  79  7:09  SCV x2  
  79  7:14  Battlecruiser  
  87  7:20  Hellion x2  
  87  7:21  SCV x2  
  93  7:33  Factory Tech Lab x2  
  93  7:56  Supply Depot  
  93  7:58  Siege Tank, SCV, Supply Depot  
  93  7:59  Hellion x2  
  101  8:09  SCV x2  
  101  8:18  Siege Tank, SCV  
  103  8:21  SCV x2  
  98  8:31  Siege Tank  
  98  8:32  Hellion x2  
  97  8:40  SCV x3  
  98  8:42  Refinery x2  
  96  8:50  Siege Tank  
  96  8:55  SCV x3  
  98  9:07  SCV x2  
  91  9:11  Hellion  
  91  9:12  Siege Tank, Hellion  
  75  9:22  Hellion  
  79  9:34  SCV x2  
Tags
 
Add a new tag
Caveats
  • Supply blocks, unpowered buildings, or Contaminate may cause inaccurate times.
  • Supply counts are checked every 10 seconds.